[Event "Early-Titled-Tuesday-Blitz-May-07-2024"]
[Site "Chess.com"]
[Date "2024.05.07"]
[Round "8"]
[White "Let_it_be_1"]
[Black "LeoWin2012"]
[Result "0-1"]
[WhiteElo "2587"]
[BlackElo "2326"]
[TimeControl "180+1"]
[EndTime "9:34:59 PDT"]
[Termination "LeoWin2012 won on time"]

1. e4 e5 2. Nf3 Bc5 3. c3 Nf6 4. d4 exd4 5. cxd4 Bb4+ 6. Bd2 Bxd2+ 7. Nbxd2 d6 8. Bc4 O-O 9. O-O Bg4 10. Qb3 Nbd7 11.
e5 dxe5 12. dxe5 Nc5 13. Qe3 Nfd7 14. b4 Ne6 15. h3 Bh5 16. Rad1 Qe7 17. a3 a6 18.
Rfe1 Rad8 19. Nf1 Nb6 20. Bb3 Rxd1 21. Rxd1 Rd8 22. Rxd8+ Qxd8 23. Ng3 Bg6 24. h4 Qd3 25. Bxe6 fxe6 26. Qg5 h6 27. Qe7 Qxa3 28. Qd8+ Kh7 29. Qxc7 Qxb4 30. h5 Bd3 31. Qxb7 Nd5 32. Qf7 Qe7 33.
Qxe7 Nxe7 34. Nd4 a5 35. Nb3 a4 36. Na1 Nd5 37. f3 a3 38. Kf2 a2 39. Ke1 Kg8 40. Kd2 Bb1 41. Ne2 Kf7 42. Nc3 Nxc3 43. Kxc3 g6 44. hxg6+ Kxg6 45. Kd4 Kf5 46. g3 h5 47.
Nb3 Bc2 48. Na1 Bd1 49. f4 Kg4 50. Kc5 Bf3 0-1

[Event "Early-Titled-Tuesday-Blitz-May-07-2024"]
[Site "Chess.com"]
[Date "2024.05.07"]
[Round "8"]
[White "Goryachkina"]
[Black "TenisMaster"]
[Result "0-1"]
[WhiteElo "2705"]
[BlackElo "2881"]
[TimeControl "180+1"]
[EndTime "9:35:01 PDT"]
[Termination "TenisMaster won on time"]

1. e4 e5 2. Nf3 Nc6 3. Bc4 Bc5 4. c3 Nf6 5. d3 d6 6. Nbd2 a6 7. h3 O-O 8. Bb3 Re8 9. O-O h6 10. Re1 Be6 11. Bc2 d5 12. Qe2 Qd7 13. Nf1 b5 14. Bb3 Rad8 15. Ng3 dxe4 16. Bxe6 Rxe6 17. dxe4 Qd3 18. Be3 Qxe2 19. Rxe2 Bxe3 20. Rxe3 g6 21. a4 Red6 22. axb5 axb5 23. Ree1 Nd7 24. Nf1 Nc5 25. b4 Nd3 26. Red1 Nf4 27. Re1 Rd3 28. Rac1 Nxh3+ 29. gxh3 Rxf3 30. Kg2 Rfd3 31. Ne3 Kg7 32. Nd5 Rd7 33.
c4 Rd4 34. cxb5 Nxb4 35. Nxc7 Nd3 36. Ne8+ Kf8 37. Nf6 Nxe1+ 38. Rxe1 Rb7 39. Rb1 Kg7 40. Ne8+ Kf8 41. Nf6 Ke7 42. Nd5+ Kd6 43. f3 Rd2+ 44. Kg3 h5 45. h4 f5 46. b6 Rxd5 47. exd5 Kxd5 48.
Kf2 Kc5 49. Rc1+ Kxb6 50. Rg1 Rg7 51. Re1 Re7 52. Rc1 Rc7 53. Rg1 Rc6 54. Ke3 Kc5 55. f4 e4 0-1

[Event "Early-Titled-Tuesday-Blitz-May-07-2024"]
[Site "Chess.com"]
[Date "2024.05.07"]
[Round "8"]
[White "BM223344"]
[Black "masterofpuppets2"]
[Result "1-0"]
[WhiteElo "2628"]
[BlackElo "2477"]
[TimeControl "180+1"]
[EndTime "9:35:01 PDT"]
[Termination "BM223344 won on time"]

1. d4 d5 2. c4 e6 3. Nf3 Nf6 4. Nc3 Bb4 5. Bd2 O-O 6. e3 b6 7. cxd5 exd5 8. Be2 a6 9. O-O Bd6 10.
Rc1 Nbd7 11. a3 Bb7 12. b4 Ne4 13. Nxe4 dxe4 14. Ne1 Nf6 15. f4 exf3 16. Bxf3 Ne4 17. Nd3 Qe7 18. Be1 Rae8 19. Qc2 Kh8 20. Kh1 Qe6 21.
Nb2 Qh6 22. h3 Qxe3 23. Nc4 Qxd4 24. Rd1 Qf6 25. Nxd6 Nxd6 26. Bc3 Qh4 27. Rd4 Qe7 28. Re1 Qd7 29. Rxe8 Rxe8 30. Bxb7 Qe7 31. Bf3 Qe3 32. Rh4 h6 33. Qd2 Nf5 34. Qxe3 Rxe3 35. Rc4 c5 36.
Bd2 Rxa3 37. bxc5 bxc5 38. Rxc5 g6 39. Bc3+ Kh7 40. Bf6 Ra2 41. Rc8 g5 42. Be4 Kg6 43. Bxf5+ Kxf6 44. Be4 Re2 45. Bf3 Re1+ 46. Kh2 Re6 47. Ra8 Rb6 48. Kg3 Ke5 49. Kg4 f5+ 50. Kh5 Kf4 51. Rf8 a5 52. Ra8 g4 53. hxg4 fxg4 54.
Bxg4 Rb5+ 55. Kh4 1-0

[Event "Early-Titled-Tuesday-Blitz-May-07-2024"]
[Site "Chess.com"]
[Date "2024.05.07"]
[Round "8"]
[White "sokidze"]
[Black "laysa_latifah"]
[Result "1-0"]
[WhiteElo "2790"]
[BlackElo "2443"]
[TimeControl "180+1"]
[EndTime "9:35:01 PDT"]
[Termination "sokidze won by resignation"]

1. e4 c6 2. Nf3 d5 3. Nc3 dxe4 4. Nxe4 Nf6 5. Qe2 Nxe4 6. Qxe4 Nd7 7. Bc4 e6 8. d4 Nf6 9. Qe2 Be7 10. O-O O-O 11. Rd1 b5 12. Bb3 Bb7 13. Ne5 Qb6 14.
a4 a6 15. Bg5 Qd8 16. c3 h6 17. Bh4 Nd5 18. Bxe7 Qxe7 19. Nd3 Rab8 20. Bxd5 cxd5 21. Nc5 bxa4 22. Rxa4 Bc6 23. Ra5 Bb5 24. Qe3 Bc4 25.
b4 Rb6 26. Rda1 Qd6 27. f4 Re8 28. Re1 f6 29. Raa1 Re7 30. Qg3 Rb8 31. Re3 Rbe8 32. Rae1 Qb6 33. f5 e5 34. dxe5 Qb8 35. Ne6 d4 36.
cxd4 Bxe6 37. exf6 Qxg3 38. hxg3 gxf6 39. Rxe6 Rxe6 40.
Rxe6 Rd8 41. Rxf6 Rxd4 42. Rxh6 Rxb4 43. Rxa6 Rg4 44. Kf2 Rg5 45. Rg6+ Rxg6 46. fxg6 Kg7 47. Kf3 Kxg6 48. Kg4 Kg7 49. Kg5 Kg8 50. Kg6 1-0

[Event "Early-Titled-Tuesday-Blitz-May-07-2024"]
[Site "Chess.com"]
[Date "2024.05.07"]
[Round "8"]
[White "JiaHaoxiang"]
[Black "Abund"]
[Result "0-1"]
[WhiteElo "2597"]
[BlackElo "2759"]
[TimeControl "180+1"]
[EndTime "9:35:02 PDT"]
[Termination "Abund won by resignation"]

1. e4 c6 2. c4 d5 3. cxd5 cxd5 4.
e5 Nc6 5. Nf3 Bg4 6. Bb5 Qb6 7.
Bxc6+ bxc6 8. O-O e6 9. d4 Ne7 10. Nc3 Nf5 11. Na4 Qa6 12. Be3 Bxf3 13. gxf3 Be7 14.
Rc1 O-O 15. b3 Rac8 16. Re1 Rfd8 17. Qe2 Qb5 18. Nc5 Bxc5 19. Rxc5 Qb4 20. Rec1 Nxd4 21. Bxd4 Qxd4 22. Rxc6 Rxc6 23. Rxc6 h6 24. Kg2 Qb4 25. Qa6 Qf4 26. Qxa7 Qg5+ 27. Kf1 Qxe5 28. Qc7 Qf6 29. Rc3 d4 30. Rd3 Rd5 31. b4 Qf5 32. Ke2 Re5+ 33. Kd2 Qf4+ 34. Kd1 Re1+ 35. Kxe1 Qxc7 36. Rxd4 Qc3+ 37.
Rd2 Qxb4 38. Ke2 Qc4+ 39. Ke1 g5 40. Kd1 Kg7 41. Rc2 Qd3+ 42. Kc1 Qxf3 43. a4 Qa3+ 0-1

[Event "Early-Titled-Tuesday-Blitz-May-07-2024"]
[Site "Chess.com"]
[Date "2024.05.07"]
[Round "8"]
[White "SRob2003"]
[Black "IMGC"]
[Result "1-0"]
[WhiteElo "2654"]
[BlackElo "2506"]
[TimeControl "180+1"]
[EndTime "9:35:02 PDT"]
[Termination "SRob2003 won on time"]

1. e4 b6 2. d4 Bb7 3. Bd3 e6 4. Nf3 c5 5. O-O cxd4 6. Nxd4 a6 7. c4 Qc7 8. Nc3 Ne7 9. Kh1 Nbc6 10. Nxc6 Nxc6 11.
f4 d6 12. b3 Be7 13. Bb2 O-O 14. Rc1 Qd8 15. Qh5 g6 16. Qh3 Bf6 17. Rcd1 Qe7 18.
Rfe1 Bd4 19. Nd5 Qd8 20. Bxd4 Nxd4 21. Ne3 e5 22. Bb1 Qf6 23. f5 Qg5 24. Nc2 Nxc2 25.
Bxc2 Rad8 26. Re3 Kh8 27. Rg3 Qf4 28. Rf3 Qg5 29. f6 h5 30. Rdf1 Kh7 31. Bd3 Bc8 32. Qg3 Qxg3 33. Rxg3 Rfe8 34. h4 Re6 35. Rg5 Rg8 36.
Be2 Kh6 37. g4 hxg4 38. Bxg4 Ree8 39. Be2 Bb7 40. Bd3 Re6 41. Kh2 Rc8 42. Rf3 b5 43.
Rg4 Bc6 44. Kg3 Rc7 45. Kf2 Bd7 46. Rg1 bxc4 47. Bxc4 Re8 48. Rd1 Rf8 49. Rxd6 Rc6 50. Rxd7 1-0

[Event "Early-Titled-Tuesday-Blitz-May-07-2024"]
[Site "Chess.com"]
[Date "2024.05.07"]
[Round "8"]
[White "Aswathchess"]
[Black "djokovic74"]
[Result "1-0"]
[WhiteElo "2657"]
[BlackElo "2798"]
[TimeControl "180+1"]
[EndTime "9:35:04 PDT"]
[Termination "Aswathchess won by resignation"]

1. d4 e6 2. e4 d5 3. Bd3 dxe4 4. Bxe4 Nf6 5. Bf3 c5 6. Ne2 Nc6 7. Be3 e5 8. Bxc6+ bxc6 9. dxe5 Qxd1+ 10. Kxd1 Ng4 11.
Nd2 Be7 12. h3 Nxe3+ 13. fxe3 O-O 14. Nc3 f6 15. b3 Bf5 16. Rf1 Bg6 17. e4 Rfe8 18.
Ke2 c4 19. Nxc4 Bb4 20. Rf3 fxe5 21. a3 Bxc3 22. Rxc3 Bxe4 23. Nd6 Bxg2 24. Nxe8 Rxe8 25. Rg1 Bd5 26. Re3 g6 27. c4 Be6 28. Rd1 Bf5 29.
Rd6 e4 30. Rxc6 Kg7 31. Rd6 Kf7 32. b4 Ke7 33. c5 h5 34. Rd4 Kf6 35. c6 Ke5 36.
Rc4 Rc8 37. c7 Kd6 38. Rec3 Kd5 39. h4 Kd6 40. Ke3 Kd7 41. Rc6 Ke7 42. a4 Kd7 43. b5 Ke7 44. a5 Ra8 45. c8=Q Bxc8 46. Rxc8 Rxc8 47. Rxc8 1-0

[Event "Early-Titled-Tuesday-Blitz-May-07-2024"]
[Site "Chess.com"]
[Date "2024.05.07"]
[Round "8"]
[White "dennisodessa"]
[Black "juancruzarias"]
[Result "0-1"]
[WhiteElo "2549"]
[BlackElo "2723"]
[TimeControl "180+1"]
[EndTime "9:35:04 PDT"]
[Termination "juancruzarias won by resignation"]

1. d4 d5 2. c4 e6 3. Nc3 Nf6 4. cxd5 exd5 5. Bg5 c6 6. Qc2 h6 7.
Bh4 Be7 8. e3 O-O 9. Bd3 Nbd7 10.
Nf3 Ne4 11. Bxe7 Qxe7 12. Nxe4 dxe4 13. Bxe4 Re8 14. Bd3 Nf6 15. O-O Bg4 16. Ne5 Rac8 17. Nxg4 Nxg4 18. Bf5 Qh4 19. h3 Nf6 20. g3 Qh5 21.
Bxc8 Rxc8 22. Kg2 Re8 23. Rae1 Qd5+ 24. f3 h5 25. b3 h4 26. g4 Qd6 27. Qf2 g5 28.
Rd1 Re7 29. Rfe1 Nd5 30. Rd2 Qe6 31. Kg1 Qd6 32. Rde2 Nc3 33. Rc2 Nd5 34. Rc5 Re6 35.
e4 Nf4 36. Rxg5+ Kf8 37. Kf1 Nxh3 38. Qxh4 Nxg5 39. Qxg5 Qxd4 40. Qe3 Qb2 41. Re2 Qb1+ 42. Kg2 Rd6 43. Rd2 Qc1 44. Re2 Qd1 45. Kf2 b6 46. Qf4 Qd4+ 47. Qe3 Qh8 48. Kg3 Rh6 49. Qg1 Rh3+ 50.
Kg2 Qh4 51. Kf1 Rxf3+ 52. Rf2 Qh3+ 53. Ke1 Re3+ 54. Re2 Rc3 55. Kd2 Qd3+ 56. Ke1 Rc1+ 57. Kf2 Rxg1 0-1

[Event "Early-Titled-Tuesday-Blitz-May-07-2024"]
[Site "Chess.com"]
[Date "2024.05.07"]
[Round "8"]
[White "ATM622"]
[Black "CarlosjPineror"]
[Result "1-0"]
[WhiteElo "2521"]
[BlackElo "2690"]
[TimeControl "180+1"]
[EndTime "9:35:05 PDT"]
[Termination "ATM622 won on time"]

1. d4 Nf6 2. c4 d6 3. g3 g6 4. Bg2 Bg7 5. Nf3 O-O 6. O-O c6 7.
Nc3 Qa5 8. Qc2 Qh5 9. e4 Bg4 10.
Ne1 Bh3 11. f3 Bxg2 12. Nxg2 Nfd7 13. Be3 Qa5 14. a3 Qd8 15. b4 Na6 16. Rab1 Nc7 17. Rfd1 e6 18. c5 d5 19. e5 f6 20. f4 b5 21. Ne2 a5 22. h4 Qe7 23. Kh2 axb4 24. axb4 Ra4 25. Rh1 Rfa8 26. Nc3 Ra3 27. Bc1 R3a7 28. Kg1 f5 29. h5 Qd8 30. hxg6 hxg6 31. Nh4 Nf8 32. Nf3 Nh7 33. Qh2 Nf8 34. Ng5 Ra1 35. Bb2 Rxb1+ 36. Nxb1 Ra2 37. Nc3 Ra7 38.
Qc2 Qa8 39. Kg2 Na6 40. Qb3 Nc7 41. g4 fxg4 42. Kg3 Ra4 43. Kxg4 Qa7 44. Nxa4 bxa4 45. Ra1 Qa6 46. Qd1 Qc4 47. Rxa4 Bh6 48. Ra3 Bxg5 49. Kxg5 Nb5 50. Ra8 Qxb4 51. Qh1 Qxb2 52. Qh6 Qg2+ 53. Kf6 1-0

[Event "Early-Titled-Tuesday-Blitz-May-07-2024"]
[Site "Chess.com"]
[Date "2024.05.07"]
[Round "8"]
[White "Mikhail_Bryakin"]
[Black "mishanick"]
[Result "0-1"]
[WhiteElo "2889"]
[BlackElo "3042"]
[TimeControl "180+1"]
[EndTime "9:35:06 PDT"]
[Termination "mishanick won by resignation"]

1. Nf3 d5 2. d4 Nf6 3. c4 e6 4. g3 Bb4+ 5. Bd2 Be7 6. Bg2 c6 7. O-O Nbd7 8. Qc2 b6 9. Bf4 Ba6 10.
Ne5 Nxe5 11. dxe5 Nd7 12. cxd5 cxd5 13. Rd1 Rc8 14. Nc3 b5 15. a3 Qb6 16. Be3 Qc7 17. f4 O-O 18. Bd4 f6 19. e4 fxe5 20. fxe5 dxe4 21. Qxe4 Bc5 22. Bxc5 Qxc5+ 23. Qd4 Nxe5 24. Qxc5 Rxc5 25. Rd6 Bc8 26. Re1 Nc4 27.
Rc6 Rxc6 28. Bxc6 a6 29. Re2 Rd8 30. Kf2 Kf7 31. Ne4 h6 32. Nc5 Ke7 33. Be4 Rd4 34. Nb3 Rd6 35. Nc5 Rd4 36. Nb3 Rd1 37. Nc5 Kd6 38.
Nd3 e5 39. Re1 Rd2+ 40. Re2 Bg4 41. Rxd2 Nxd2 42. Bb7 a5 43. h4 Nc4 44. Ba6 e4 45.
Nf4 e3+ 46. Ke1 Kc5 47. Nd3+ Kb6 48. b3 Nxa3 49. Ne5 Be6 50. Nd3 Bf5 0-1

[Event "Early-Titled-Tuesday-Blitz-May-07-2024"]
[Site "Chess.com"]
[Date "2024.05.07"]
[Round "8"]
[White "FXDon77"]
[Black "MITerryble"]
[Result "1-0"]
[WhiteElo "2889"]
[BlackElo "3020"]
[TimeControl "180+1"]
[EndTime "9:35:06 PDT"]
[Termination "FXDon77 won on time"]

1. e4 e6 2. d4 d5 3. e5 c5 4.
c3 Qb6 5. Nf3 Bd7 6. Be2 cxd4 7.
cxd4 Bb5 8. Nc3 Bxe2 9. Nxe2 Bb4+ 10. Kf1 Nc6 11. g3 Be7 12. h4 Rc8 13. Kg2 Qa6 14. Nf4 Bd8 15. h5 h6 16. Be3 Nge7 17. Nh4 Na5 18.
Qg4 Rg8 19. b3 Rc2 20. Rhc1 Rxc1 21. Rxc1 Nac6 22. a4 Qb6 23. Qd1 Na5 24. Rc3 Nec6 25. Nf3 Be7 26. Qc2 Rh8 27. Nd3 Kd7 28. Qb2 Rc8 29. Qc2 Nb4 30. Nxb4 Rxc3 31. Qxc3 Qxb4 32. Qd3 Qxb3 33. Qh7 Bf8 34. Qg8 Ke8 35. g4 Nc4 36. Bxh6 gxh6 37. g5 Qc2 38. gxh6 Ne3+ 39. Kh3 Qf5+ 40.
Kg3 Qxh5 41. h7 Nf5+ 42. Kg2 Ne7 43. h8=Q 1-0

[Event "Early-Titled-Tuesday-Blitz-May-07-2024"]
[Site "Chess.com"]
[Date "2024.05.07"]
[Round "8"]
[White "tantaan"]
[Black "Semetey"]
[Result "0-1"]
[WhiteElo "2488"]
[BlackElo "2600"]
[TimeControl "180+1"]
[EndTime "9:35:06 PDT"]
[Termination "Semetey won by resignation"]

1. e4 Nc6 2. d4 d5 3. exd5 Qxd5 4. Nf3 Bg4 5. Nc3 Qh5 6. Be2 O-O-O 7. Be3 e5 8. d5 Nf6 9. Qd3 Nb4 10. Qd2 Nbxd5 11.
Nxd5 Rxd5 12. Qc3 e4 13. Nd4 Bxe2 14. Nxe2 Qe5 15. Qxe5 Rxe5 16. O-O-O Bc5 17. Bxc5 Rxc5 18. h3 Rd8 19. Rxd8+ Kxd8 20. Ng3 Re5 21. Re1 Re6 22. c4 g6 23. Kc2 h5 24. Kc3 h4 25. Ne2 c5 26.
Nf4 Re5 27. Rd1+ Ke7 28. Kd2 g5 29. Ne2 Nd7 30. Ke3 f5 31. g3 hxg3 32. fxg3 Re6 33.
Rf1 Rf6 34. Nc3 Ke6 35. Nd5 Rh6 36. Rh1 Nf6 37. Nc7+ Ke5 38. Nb5 f4+ 39. gxf4+ gxf4+ 40. Ke2 a6 41. Nc3 Rg6 42. Rh2 Nh5 43. b3 Rg3 44. Nd5 Rd3 45. h4 f3+ 46. Ke1 e3 47. Rh3 Ke4 48.
Nf6+ Nxf6 0-1

[Event "Early-Titled-Tuesday-Blitz-May-07-2024"]
[Site "Chess.com"]
[Date "2024.05.07"]
[Round "8"]
[White "secretsuperstar7"]
[Black "MiguelBestard1981"]
[Result "1-0"]
[WhiteElo "2475"]
[BlackElo "2187"]
[TimeControl "180+1"]
[EndTime "9:35:06 PDT"]
[Termination "secretsuperstar7 won on time"]

1. c4 c6 2. Nc3 d5 3. e3 Nf6 4. Nf3 a6 5. b3 Bf5 6. Bb2 h6 7. Be2 e6 8. O-O Be7 9. d4 Nbd7 10. Re1 Ne4 11. Nxe4 dxe4 12. Nd2 Bd6 13. Nf1 Nf6 14.
f3 h5 15. f4 Rh6 16. Ng3 h4 17. Nxf5 exf5 18. d5 cxd5 19. cxd5 Bc5 20. Bc4 Ng4 21. Bd4 Qb6 22. Bxc5 Qxc5 23. Qd2 h3 24. g3 b5 25. Bf1 Rd8 26. Rad1 Rhd6 27. Rc1 Qxd5 28. Qb2 Qd2 29.
Qxd2 Rxd2 30. Bxh3 Nxh2 31. Bg2 Nf3+ 32. Bxf3 exf3 33.
Rf1 Rg2+ 34. Kh1 Rdd2 35. Rxf3 Rh2+ 36. Kg1 Rdg2+ 37. Kf1 Rxa2 38. Kg1 Rag2+ 39. Kf1 Rh1+ 40.
Kxg2 Rxc1 41. Rf2 Rb1 42. Ra2 Rxb3 43. Kf3 Rb2 44. Rxb2 1-0

[Event "Early-Titled-Tuesday-Blitz-May-07-2024"]
[Site "Chess.com"]
[Date "2024.05.07"]
[Round "8"]
[White "Lily_Schirmbeck"]
[Black "zmarian"]
[Result "0-1"]
[WhiteElo "1653"]
[BlackElo "2346"]
[TimeControl "180+1"]
[EndTime "9:35:06 PDT"]
[Termination "zmarian won on time"]

1. c4 c5 2. Nf3 b6 3. g3 Bb7 4. Bg2 Nf6 5. Nc3 e6 6. O-O Be7 7. d3 O-O 8. e4 d5 9. exd5 exd5 10. cxd5 Nxd5 11. d4 Nxc3 12. bxc3 Nd7 13. Be3 Bf6 14. dxc5 Bxc3 15. Rc1 Bb2 16. Rc2 Ba3 17. c6 Ba6 18.
cxd7 Bxf1 19. Qxf1 Qxd7 20. Nd4 Rac8 21. Rxc8 Rxc8 22.
Bh3 Qd8 23. Bxc8 Qxc8 24. Qd3 h6 25. Qxa3 a6 26. Qb2 b5 27. Nf3 Qc6 28. Nh4 Qe6 29. Nf3 Qc6 30. Nd4 Qd5 31. Qa3 Qb7 32.
Qd6 b4 33. Qd8+ Kh7 34. Qd6 a5 35. Qc5 Qa6 36. Nc6 Qe2 37. Nxa5 Qe1+ 38. Kg2 b3 39. axb3 Qb1 40. Qf5+ Qxf5 41. Nc4 Qe4+ 42. Kh3 Qe6+ 43. Kg2 Qc6+ 44. Kg1 Qb5 45. Nd2 Qd3 46. Kg2 f5 47.
Kg1 g5 48. Kg2 Kg6 49. Kg1 Kh5 50. Kg2 Kg4 51. h3+ Kh5 52. Kg1 Kg6 53. Kg2 Kf6 54. Kg1 Ke6 55. Kg2 Kd5 56. Kg1 Qc2 57. Kg2 Qc7 58.
Kg1 f4 59. gxf4 gxf4 60. Nc4 fxe3 61. Nxe3+ Ke4 62. Kg2 Qb7 63. Kg3 Kd3 0-1

[Event "Early-Titled-Tuesday-Blitz-May-07-2024"]
[Site "Chess.com"]
[Date "2024.05.07"]
[Round "8"]
[White "rhwr"]
[Black "balack95"]
[Result "0-1"]
[WhiteElo "2298"]
[BlackElo "2513"]
[TimeControl "180+1"]
[EndTime "9:35:08 PDT"]
[Termination "balack95 won by checkmate"]

1. e4 c6 2. Nc3 d5 3. d4 dxe4 4. Nxe4 Nf6 5. Nxf6+ exf6 6. Nf3 Bd6 7. Bd3 O-O 8. O-O Re8 9. Be3 Bg4 10. h3 Bh5 11. Be2 Nd7 12. c3 Qe7 13. Nd2 Bg6 14. Bf3 Rad8 15. g3 Bxg3 16. fxg3 Qxe3+ 17. Kg2 Bd3 18. Rf2 Nf8 19. Nb3 Be4 20. Nc5 Bxf3+ 21. Rxf3 Qe7 22. Qb3 b6 23. Nd3 Qe2+ 24. Nf2 Re3 25.
Rxe3 Qxe3 26. Qc4 c5 27. Rd1 cxd4 28. cxd4 h5 29. d5 Ng6 30. d6 Qf3+ 31. Kxf3 Ne5+ 32. Kf4 Nxc4 33. d7 Ne5 34. Ne4 Rxd7 35. Rxd7 Nxd7 36.
Nd6 Kf8 37. Ke4 Nc5+ 38. Kd4 g6 39. Nc8 Ne6+ 40. Kd5 Ng5 41. h4 Ne6 42. Nxa7 g5 43.
Nc8 b5 44. Nd6 b4 45. Ne4 Ke7 46. Kc4 f5 47. Nf2 f4 48. gxf4 gxh4 49. Nh3 Kf6 50. Kxb4 Kf5 51. a4 Kg4 52. Nf2+ Kf3 53. Nh3 Kg3 54.
Ng1 h3 55. Nxh3 Kxh3 56. a5 Kg3 57. a6 h4 58. a7 Nc7 59. Kc5 h3 60. Kc6 Na8 61.
Kb7 h2 62. Kxa8 h1=Q+ 63. Kb8 Qh8+ 64. Kb7 Qxb2+ 65. Ka8 Qb6 66. f5 Qc7 67. f6 Qc8# 0-1

[Event "Early-Titled-Tuesday-Blitz-May-07-2024"]
[Site "Chess.com"]
[Date "2024.05.07"]
[Round "8"]
[White "MarlonJodar"]
[Black "ChessBliss09"]
[Result "1-0"]
[WhiteElo "2278"]
[BlackElo "2213"]
[TimeControl "180+1"]
[EndTime "9:35:09 PDT"]
[Termination "MarlonJodar won by checkmate"]

1. e4 e5 2. Nf3 Nc6 3. Bb5 Nf6 4. d3 Bc5 5. c3 O-O 6. O-O d6 7. h3 a6 8. Ba4 b5 9. Bc2 Re8 10. Re1 Bb6 11. Nbd2 d5 12. exd5 Nxd5 13. Ne4 f5 14. Bg5 Qd7 15. Ng3 h6 16. Bc1 Qf7 17. a4 Qg6 18. d4 e4 19. Bb3 Ne7 20. Ne5 Qd6 21. axb5 Be6 22. bxa6 c5 23. Nh5 cxd4 24. cxd4 Bf7 25. Nxf7 Kxf7 26. Nf4 Kg8 27. Qh5 Rf8 28. Be3 Kh8 29. Nxd5 Nxd5 30. Bxd5 Qxd5 31. Bxh6 Kg8 32. Be3 Bxd4 33. Rad1 Rxa6 34. Rxd4 Qe6 35. g3 Ra5 36. Qh4 Rb5 37. b4 Rbb8 38. Red1 Rbc8 39. Rd8 Rfxd8 40.
Rxd8+ Rxd8 41. Qxd8+ Kf7 42. Qd4 Qe7 43. Kh2 g6 44. b5 Qf6 45. Qxf6+ Kxf6 46. h4 Ke7 47.
b6 Kd6 48. Kg2 Kc6 49. Kf1 Kb7 50. Ke2 Kc6 51. Kd2 Kb7 52. Kc3 Kc6 53. Kc4 Kb7 54. Kd5 Kc8 55. Ke6 Kb7 56. Kf6 Kc8 57.
Kxg6 Kb7 58. Kxf5 Kc8 59. Kxe4 Kb7 60. Kd5 Kc8 61. Kc6 Kb8 62. Bf4+ Ka8 63. b7+ Ka7 64.
b8=Q+ Ka6 65. Qb6# 1-0

[Event "Early-Titled-Tuesday-Blitz-May-07-2024"]
[Site "Chess.com"]
[Date "2024.05.07"]
[Round "8"]
[White "SkinnyPuppy8"]
[Black "RusPakhom"]
[Result "1-0"]
[WhiteElo "2239"]
[BlackElo "2344"]
[TimeControl "180+1"]
[EndTime "9:35:10 PDT"]
[Termination "SkinnyPuppy8 won by checkmate"]

1. e4 c5 2. Nf3 d6 3. c3 Nf6 4.
Be2 g6 5. O-O Bg7 6. Re1 O-O 7.
Bf1 e5 8. h3 Nc6 9. d4 exd4 10.
cxd4 cxd4 11. Nxd4 Re8 12. Nxc6 bxc6 13. Nc3 Be6 14. Bg5 Qc7 15. Qd2 d5 16. Bh6 dxe4 17. Bxg7 Kxg7 18. Nxe4 Nxe4 19. Rxe4 Rad8 20. Qc3+ Kg8 21.
Rae1 Qd7 22. b3 Bd5 23. Rxe8+ Rxe8 24. Rxe8+ Qxe8 25. Qc5 Qb8 26. Bc4 Bxc4 27. Qxc4 Qd6 28. g3 a5 29. Qc3 Qd5 30. a3 h5 31. h4 Kf8 32. b4 axb4 33. Qxb4+ Ke8 34. a4 c5 35.
Qb5+ Ke7 36. a5 Qd1+ 37. Kh2 Qc2 38. Kg2 c4 39. Qc5+ Kd7 40. a6 Qe4+ 41. Kh2 Qd3 42.
a7 c3 43. a8=Q c2 44. Qac8# 1-0

[Event "Early-Titled-Tuesday-Blitz-May-07-2024"]
[Site "Chess.com"]
[Date "2024.05.07"]
[Round "8"]
[White "Rosh1610"]
[Black "AlexanderKing"]
[Result "1-0"]
[WhiteElo "2500"]
[BlackElo "2567"]
[TimeControl "180+1"]
[EndTime "9:35:11 PDT"]
[Termination "Rosh1610 won on time"]

1. e4 c5 2. Nc3 e6 3. Nge2 a6 4. g3 b5 5. Bg2 Bb7 6. d4 cxd4 7.
Nxd4 Nf6 8. Bg5 h6 9. Bxf6 Qxf6 10. O-O Nc6 11. Nxc6 Bxc6 12. Re1 Bc5 13. Qe2 e5 14. Rad1 Bd4 15. Rxd4 exd4 16. Nd5 Qd8 17. e5 O-O 18. Qg4 Bxd5 19. Bxd5 Rc8 20. Qxd4 Rxc2 21. Be4 Rc4 22. Qd5 Qc7 23. Bd3 Rc1 24. Rxc1 Qxc1+ 25. Kg2 Qxb2 26.
Qe4 g6 27. h4 h5 28. Qd5 Re8 29. Bxg6 Re7 30. Bxh5 Qxe5 31. Bxf7+ Kg7 32. Qxe5+ Rxe5 33. Bb3 a5 34. f4 Rc5 35. g4 a4 36. Bd1 Rc1 37.
Bf3 Rc2+ 38. Kg3 Rxa2 39. g5 b4 40. h5 b3 41. h6+ Kf7 42. Bd5+ Kg6 43. Be4+ Kf7 44.
g6+ Kf6 45. g7 Ra1 46. g8=Q Rg1+ 47. Bg2 1-0

[Event "Early-Titled-Tuesday-Blitz-May-07-2024"]
[Site "Chess.com"]
[Date "2024.05.07"]
[Round "8"]
[White "Acva-Alenok"]
[Black "Shuvalov"]
[Result "0-1"]
[WhiteElo "2344"]
[BlackElo "2568"]
[TimeControl "180+1"]
[EndTime "9:35:13 PDT"]
[Termination "Shuvalov won on time"]

1. d4 Nf6 2. c4 c5 3. d5 b5 4. Nf3 b4 5. a3 a5 6. Nbd2 d6 7. e4 g6 8. Be2 Bg7 9. O-O O-O 10. Qc2 e6 11. dxe6 Bxe6 12. axb4 cxb4 13. Nd4 Bd7 14. Bf3 Ra6 15. Rd1 Re8 16. Nf1 Bg4 17.
Bxg4 Nxg4 18. Bf4 Qf6 19. Bg3 h5 20. h3 Ne5 21. Ne3 Rc8 22. Nd5 Qg5 23. b3 h4 24.
Bh2 Qd8 25. Kh1 Nbc6 26. Nxc6 Rcxc6 27. Ra4 g5 28. f4 gxf4 29. Qf2 Ng6 30. Nxf4 Qe7 31.
Nd5 Qxe4 32. Re1 Qd3 33. Ra2 Qxb3 34. Re8+ Kh7 35. Rae2 Rxc4 36. Qf5 Rc1+ 37. Bg1 Qd1 38. Qh5+ Bh6 39. Nf6+ Kg7 40. Rg8+ Kxf6 41. Qf3+ Bf4 0-1

[Event "Early-Titled-Tuesday-Blitz-May-07-2024"]
[Site "Chess.com"]
[Date "2024.05.07"]
[Round "8"]
[White "noblerone"]
[Black "HouseOfDurin"]
[Result "0-1"]
[WhiteElo "2485"]
[BlackElo "2252"]
[TimeControl "180+1"]
[EndTime "9:35:15 PDT"]
[Termination "HouseOfDurin won by resignation"]

1. e4 g6 2. Nc3 Bg7 3. g3 d6 4.
Bg2 a6 5. a4 e5 6. h4 h5 7. d3 Ne7 8. Nf3 Nbc6 9. Bg5 f6 10.
Be3 Be6 11. Qd2 Qd7 12. d4 exd4 13. Nxd4 Ne5 14. Nxe6 Qxe6 15. b3 O-O-O 16. Qe2 f5 17. Nd5 Ng4 18. Nxe7+ Qxe7 19. Bg5 Bf6 20. Bxf6 Qxf6 21.
O-O Rhe8 22. b4 fxe4 23. b5 a5 24. b6 cxb6 25. Rab1 d5 26. Bh3 Qe6 27. Rb5 Rd6 28. Rfb1 d4 29. Bxg4 hxg4 30. Rg5 d3 31. Qd2 e3 32.
fxe3 Qxe3+ 33. Qxe3 Rxe3 34. cxd3 Rxg3+ 35. Kf2 Rgxd3 36. Rxg4 R3d4 37. Rbg1 Rxg4 38. Rxg4 Kc7 39. Ke3 b5 40.
axb5 Kb6 41. Rg5 a4 42. Ke4 a3 43. Rg3 Kxb5 44. Rxa3 Kc6 45. Rc3+ Kd7 46. Ke5 b5 47.
Ra3 Rb6 48. Kd5 b4 49. Ra7+ Ke8 50. Kc5 Rb8 51. Ra2 b3 52. Rb2 Kf7 53. Kd6 Kg7 54.
Ke6 Rb6+ 55. Ke7 Kh6 56. Kf7 Kh5 57. Kg7 Kxh4 58. Rh2+ Kg3 59. Rb2 g5 0-1

[Event "Early-Titled-Tuesday-Blitz-May-07-2024"]
[Site "Chess.com"]
[Date "2024.05.07"]
[Round "8"]
[White "HanSchut"]
[Black "Gryffindorac8"]
[Result "1-0"]
[WhiteElo "2375"]
[BlackElo "2511"]
[TimeControl "180+1"]
[EndTime "9:35:16 PDT"]
[Termination "HanSchut won by resignation"]

1. e4 c5 2. Nf3 d6 3. d4 cxd4 4. Nxd4 Nf6 5. f3 g6 6. c4 Bg7 7. Be3 Nc6 8. Qd2 O-O 9. Nc3 Bd7 10. Rc1 Nxd4 11. Bxd4 Bc6 12. b4 a5 13. b5 Bd7 14. a4 Be6 15. Qf2 Nd7 16. Be3 Rc8 17. Nd5 Bxd5 18. exd5 Nc5 19. Bxc5 Rxc5 20. Bd3 e6 21. dxe6 fxe6 22. O-O b6 23. Qe2 Bd4+ 24.
Kh1 Qf6 25. Rfe1 Be5 26. Qe4 Qf4 27. Qxf4 Rxf4 28. Rcd1 Rd4 29. Bf1 Rxd1 30. Rxd1 Kf7 31. g3 g5 32. Kg2 h6 33. Kf2 Kf6 34. Ke3 Ke7 35. Bd3 d5 36. Rc1 Kd6 37. Rc2 Bf6 38. cxd5 exd5 39. Rd2 Rc1 40. Be4 Rc5 41. Ke2 Bc3 42. Rd3 Ke5 43. Bxd5 Bd4 44. Be4 Rc2+ 45. Rd2 Rc4 46. h4 gxh4 47. gxh4 Rxa4 48. h5 Rb4 49. Bc6 a4 50. Kd3 Bb2 51. Re2+ Kf4 52. Kc2 a3 53. Re4+ Kg5 54. Rxb4 1-0